Unix NetHack Version 5.0.0-0 post-release - last build Jun 10 2026 00:39:30 (3ee93aec679c4c4259841fe613dc97188e26a321,branch:main).

Game began 2026-06-15 16:47:57, ended 2026-06-15 17:25:00.

DiePARTEI, neutral male human Tourist

     -----------
     |......<..-###############################)#[################     -------
     |.........| #        ----    ---           ---    ----############......|
     |.........|          |..     ..             .      ..|#      #####|.....|
     -----------          |..     ..            -.      -.|#          #|.....|
                          |..     .             |.-     |.|%          #......|
                          |..     .             |.|     |.))#          |.....|
                          |.      .             |.|  --+-.|#           ----.--
                          |.     -.|            |.|  |..%.|              ###
                           .     ..|           --.--+-..{.|              #
                          |.-   -..-           +....`.....|            ###
                          |.|   |..            |..-+--....|          ###
                          |Z|    ..            --.|  -)--.|       ---.-------
                          |@-----.----   ----   +.|  |..|.|       |.........|
                          |.#.....|..|   |..|   |.---|..|.|       |.........|
                          |##.....-..|    ..|   |....|..|.|       |.........|
                          |.{.....---------|-----....----.|       |.........|
                          |..............(....%...........|       -----------
                          ---------------------------------

DiePARTEI the Excursionist  St:4 Dx:10 Co:16 In:14 Wi:10 Ch:17  Neutral
Dlvl:7  $:156 HP:0(57) Pw:35(35) AC:3  Xp:6 T:5071  Burdened

Latest messages:
 The killer bee stings!
 The killer bee stings!
 What do you want to zap? [e or ?*] e
 In what direction? 6
 You kill the killer bee!
 The magic missile hits the elf zombie!
 You don't have enough stamina to move.
 What do you want to drop? [$b-eg-km-tv-zAC-GI-PRSU-Z or ?*] W
 You drop a pick-axe.
 Your movements are only slowed slightly by your load.
 This door is locked.
 Unlock it with your key? [ynq] (q) y
 You succeed in unlocking the door.
 The door resists!
 The door resists!
 The door resists!
 The door opens.
 In what direction? 6
 The door resists!
 In what direction? 6
 The door closes.
 The paper golem hits!
 The gnome opens a door.
 The paper golem strikes at your displaced image and misses you!
 The paper golem hits!
 The paper golem strikes at your displaced image and misses you!
 What do you want to write with? [- eow-zAC-GIJORS or ?*] -
 You write in the dust with your fingertip.
 What do you want to write in the dust here? Elbereth
 The human zombie hits!
 The paper golem strikes at your displaced image and misses you!
 What do you want to read? [hinprUYZ or ?*] r
 As you read the scroll, it disappears.
 Your hands begin to glow red.
 Call a scroll labeled KIRJE: confmon
 The paper golem strikes at your displaced image and misses you!
 You hear some noises in the distance.
 It misses the elf zombie.
 What do you want to read? [hinprUYZ or ?*] h
 As you read the scroll, it disappears.
 You have found a scroll of stinking cloud!
 Where do you want to center the cloud?
 (For instructions type a '?')
 The human zombie hits!
 You die...
 Do you want your possessions identified? [ynq] (y) y
 Do you want to see your attributes? [ynq] (y) y
 Do you want an account of creatures vanquished? [ynaq] (y) y
 Do you want to see your conduct and achievements? [ynq] (y) y
 Do you want to see the dungeon overview? [ynq] (y) y

Inventory:
 Coins    ('$')
  $ - 156 gold pieces
 Amulets  ('"')
  L - an uncursed amulet of flying
 Weapons  (')')
  F - a +5 dart
  A - 23 +0 darts
  E - 12 cursed +0 darts
  w - a blessed +1 orcish dagger
  o - the rustproof +2 Ogresmasher
 Armor    ('[')
  X - an uncursed +0 helm of brilliance
  t - an uncursed +0 orcish helm (being worn)
  N - an uncursed +0 pair of iron shoes (being worn)
  P - an uncursed +3 cloak of displacement (being worn)
  j - an uncursed +0 Hawaiian shirt with a jellyfish motif (being worn)
 Comestibles  ('%')
  d - 2 uncursed cloves of garlic
  M - an uncursed cram ration
  g - an uncursed cream pie
  c - 8 uncursed food rations
  b - an uncursed fortune cookie
 Scrolls  ('?')
  r - an uncursed scroll of confuse monster
  p - an uncursed scroll of destroy armor
  Z - a cursed scroll of earth
  Y - a cursed scroll of enchant weapon
  U - a cursed scroll of fire
  n - an uncursed scroll of light
  i - 4 uncursed scrolls of magic mapping
 Rings    ('=')
  C - a cursed ring of aggravate monster
  I - an uncursed +1 ring of increase damage (on left hand)
 Wands    ('/')
  e - a cursed wand of magic missile (0:5)
 Tools    ('(')
  K - an uncursed sack containing 1 item
  s - a cursed blindfold
  k - an expensive camera (0:68)
  V - a cursed oil lamp
  m - an uncursed skeleton key
  q - a cursed tallow candle
  v - a cursed tinning kit (0:74)
 Gems/Stones  ('*')
  x - 2 uncursed agate stones
  S - an uncursed amethyst stone
  y - a cursed topaz stone
  G - an uncursed worthless piece of black glass
  O - 4 uncursed worthless pieces of green glass
  J - an uncursed worthless piece of orange glass
  R - an uncursed worthless piece of violet glass
  D - 4 uncursed worthless pieces of yellowish brown glass
  z - a cursed touchstone

Contents of the sack:
  2 uncursed food rations

DiePARTEI the Tourist's attributes:

Background:
 You were an Excursionist, a level 6 male human Tourist.
 You were neutral, on a mission for The Lady
 who was opposed by Blind Io (lawful) and Offler (chaotic).
 You were right-handed.
 You were in the Gnomish Mines, on level 7.
 You entered the dungeon 5071 turns ago.
 There was a new moon in effect when your adventure ended.
 You had 516 experience points, 124 more were needed to attain level 7.

Basics:
 You had 0 out of 57 hit points.
 You had all 35 energy points (spell power).
 Your armor class was 3.
 Your wallet contained 156 zorkmids.
 Autopickup was off.

Final Characteristics:
 Your strength was 4 (peak:7, limit:18/100).
 Your dexterity was 10 (limit:18).
 Your constitution was 16 (limit:18).
 Your intelligence was 14 (limit:18).
 Your wisdom was 10 (limit:18).
 Your charisma was 17 (limit:18).

Final Status:
 You weren't hungry.
 You were burdened; movement was slightly slowed.
 You were bare handed.
 You had basic skill with bare handed combat.

Final Attributes:
 You were piously aligned.
 You would have confused monsters when hitting them.
 You were displaced.
 You had a small damage bonus (+1).
 You were warded.
 You are dead.

Miscellaneous:
 You encountered 1 bones level.
 Total elapsed playing time was 37 minutes and 3 seconds.

Major events:
 Turn
    1: DiePARTEI the neutral male human Tourist entered the dungeon
 1559: attained the rank of Sightseer (level 3)
 1770: was bestowed with Ogresmasher by The Lady
 2300: was bestowed with Trollsbane by The Lady
 3324: entered the Gnomish Mines
 4705: reached Mine Town
 4707: attained the rank of Excursionist (level 6)
 5071: killed by a human zombie

Spells:
 Name                 Level Category     Fail Retention
 finger of death        7   attack       100%  76%-100%

Skills:
 Fighting Skills
   bare handed combat [Basic]
   two weapon combat  [Unskilled]
   riding             [Unskilled]
 Weapon Skills
   dagger             [Unskilled]
   knife              [Unskilled]
   axe                [Unskilled]
   pick-axe           [Unskilled]
   short sword        [Unskilled]
   broadsword         [Unskilled]
   long sword         [Unskilled]
   two-handed sword   [Unskilled]
   saber              [Unskilled]
   mace               [Unskilled]
   morning star       [Unskilled]
   flail              [Unskilled]
   hammer             [Unskilled]
   quarterstaff       [Unskilled]
   polearms           [Unskilled]
   spear              [Unskilled]
   trident            [Unskilled]
   lance              [Unskilled]
   bow                [Unskilled]
   sling              [Unskilled]
   crossbow           [Unskilled]
   dart               [Basic]
   shuriken           [Unskilled]
   boomerang          [Unskilled]
   whip               [Unskilled]
   unicorn horn       [Unskilled]
 Spellcasting Skills
   divination spells  [Unskilled]
   enchantment spells [Unskilled]
   escape spells      [Unskilled]

Voluntary challenges:
 Character rerolling was not enabled.
 You never genocided any monsters.
 You never polymorphed an object.
 You never changed form.
 You used no wishes.
Achievements:
 You entered a shop.
 You attained the rank of Sightseer.
 You entered the Gnomish Mines.
 You entered Minetown.
 You attained the rank of Excursionist.

 The Dungeons of Doom: levels 1 to 3
    Level 1:
       An altar to The Lady, a fountain.
    Level 2:
       A grave.
    Level 3:
       A general store, a fountain, a sink.
       Stairs down to The Gnomish Mines.
 The Gnomish Mines: levels 4 to 7
    Level 4:
       A grave.
       Final resting place for
          ARFwashere-Arc-Hum-Mal-Neu, killed by an invisible gnome lord.
    Level 5:
    Level 6:
    Level 7: <- You were here.
       Some fountains.
       Final resting place for
          you, killed by a human zombie.


Vanquished creatures:
  a snake
  a shrieker
  3 gnome leaders
  2 gnomish wizards
  4 elf zombies
  a dwarf
  a homunculus
  3 rothes
  a monkey
  2 iguanas
  7 killer bees
 an acid blob
  2 coyotes
  2 giant rats
  a yellow mold
 14 gnomes
  7 geckos
  8 jackals
  5 foxes
  2 kobolds
  3 goblins
  3 sewer rats
 13 grid bugs
  a bat
  5 lichens
  a kobold zombie
  6 newts
100 creatures vanquished.

No species were genocided or became extinct.

Game over:
                       ----------
                      /          \
                     /    REST    \
                    /      IN      \
                   /     PEACE      \
                  /                  \
                  |    DiePARTEI     |
                  |      156 Au      |
                  |   killed by a    |
                  |   human zombie   |
                  |                  |
                  |                  |
                  |       2026       |
                 *|     *  *  *      | *
        _________)/\\_//(\/(/\)/\//\/|_)_______

Aloha DiePARTEI the Tourist...

You died in The Gnomish Mines on dungeon level 7 with 2454 points,
and 156 pieces of gold, after 5071 moves.
You were level 6 with a maximum of 57 hit points when you died.

